 Dungeon Crawl Stone Soup version 0.22-a0-395-gfed312b (webtiles) character file.

779 4thArraOfDagon the Magician (level 7, 0/46 HPs)
             Began as a Mummy Fire Elementalist on May 2, 2018.
             Was an Initiate of Ru.
             Slain by a sky beast (6 damage)
             ... on level 6 of the Dungeon on May 3, 2018.
             The game lasted 00:09:09 (1705 turns).

4thArraOfDagon the Magician (MuFE)                  Turns: 1705, Time: 00:09:10

Health: 0/46       AC:  5    Str:  9    XL:     7   Next: 54%
Magic:  1/14       EV: 11    Int: 16    God:    Ru [......]
Gold:   74         SH:  0    Dex: 13    Spells: 3/16 levels left

rFire    x . .     SeeInvis .   h - +2 whip (flame)
rCold    + + .     Gourm    .   (no shield)
rNeg     + + +     Faith    .   i - +2 leather armour of Submission {rC+ MR+}
rPois    ∞         Spirit   .   (no helmet)
rElec    .         Reflect  .   (no cloak)
rCorr    .         Harm     .   (no gloves)
MR       +....                  (no boots)
Stlth    ++........             (no amulet)
HPRegen  0.15/turn              g - -2 ring of strength (curse)
MPRegen  0.14/turn              (no ring)

@: very slightly contaminated
A: no food or potions, fire vulnerability, cold resistance 1, negative energy
resistance 3, torment resistance, unbreathing
a: Renounce Religion


You were on level 6 of the Dungeon.
You worshipped Ru.
Ru was noncommittal.
You were not hungry.

You visited 1 branch of the dungeon, and saw 5 of its levels.
You also visited: Ossuary.

You collected 74 gold pieces.

Inventory:

Hand Weapons
 h - a +2 whip of flaming (weapon)
Armour
 a - a +0 robe
 i - the +2 leather armour of Submission (worn) {rC+ MR+}
   (You found it on level 6 of the Dungeon)

   It protects you from cold.
   It affects your resistance to hostile enchantments.
Jewellery
 g - a cursed -2 ring of strength (left hand)
Scrolls
 b - a scroll of fear
 c - 7 scrolls of remove curse
 d - a scroll of fog {unknown}
 e - a scroll of noise {unknown}
 f - a scroll of vulnerability {unknown}


   Skills:
 - Level 1.5 Dodging
 - Level 1.5 Stealth
 + Level 5.2 Spellcasting
 * Level 4.4 Conjurations
 * Level 5.0 Fire Magic


You had 3 spell levels left.
You knew the following spells:

 Your Spells              Type           Power        Failure   Level  Hunger
a - Flame Tongue          Conj/Fire      ###..        3%          1    N/A
b - Conjure Flame         Conj/Fire      ###.....     9%          3    N/A
c - Sticky Flame          Conj/Fire      ###.....     30%         4    N/A
d - Fireball              Conj/Fire      ###.......   63%         5    N/A

Dungeon Overview and Level Annotations

Branches:
Dungeon (6/15)
 Temple: D:4-7

Altars:
Fedhas
Ru
The Shining One

Annotations:
D:6 Blork the orc


Innate Abilities, Weirdness & Mutations

You do not eat or drink.
Your flesh is vulnerable to fire.
You are immune to poison.
Your flesh is cold resistant. (rC+)
You are immune to negative energy. (rN+++)
You are immune to unholy pain and torment.
You can survive without breathing.


Message History

Casting: Flame Tongue (safe; 3% risk of failure)
Confirm with . or Enter, or press ? or * to list all spells.
Aiming: Flame Tongue (safe; 3% risk of failure)
Press: ? - help, Shift-Dir - straight line, f/p - sky beast
Aim: a sky beast (severely wounded)
The flame tongue hits the sky beast.
The sky beast appears unharmed.
The sky beast is severely wounded.
The sky beast completely misses you.
Unknown command.
Casting: Flame Tongue (safe; 3% risk of failure)
Confirm with . or Enter, or press ? or * to list all spells.
Aiming: Flame Tongue (safe; 3% risk of failure)
Press: ? - help, Shift-Dir - straight line, f/p - sky beast
Aim: a sky beast (steam, severely wounded)
The flame tongue misses the sky beast.
The sky beast is engulfed in a cloud of scalding steam.
The sky beast hits you.
* * * LOW HITPOINT WARNING * * *
The sky beast shocks you.
You die...

.##.#.# ##........#
###.#.###.......#.#
#..#...........#.####
########.......<(...#
##.....##.##.#
########.†..##.##.#
#.....^.###....##.#
#.......# #..####.#
#.......# #..@Y...#
#.......# ##.######
#.......# #..#
#.......# ##.#
#.....o.# #<#
##.#.##.# #.# #.# #.#
#.#


You could see a sky beast.

Vanquished Creatures
  Pikel (D:5)
  A bullfrog (D:6)
  A centaur zombie (Ossuary)
  A human zombie (Ossuary)
  A hound (D:6)
  4 big kobold zombies (Ossuary)
  5 mummies (Ossuary)
  2 adders
  An ooze (D:1)
  An orc (D:2)
  A goblin (D:2)
  A hobgoblin (D:2)
  5 quokkas
  3 frilled lizards
  A goblin zombie (Ossuary)
  A jackal zombie (D:5)
  A kobold zombie (Ossuary)
  A quokka skeleton (D:5)
32 creatures vanquished.

Vanquished Creatures (others)
  A crimson imp (D:5)
1 creature vanquished.

Grand Total: 33 creatures vanquished

Notes
Turn   | Place    | Note
-------+----------+-------------------------------------------
     0 | D:1      | 4thArraOfDagon the Mummy Fire Elementalist began the quest for the Orb.
     0 | D:1      | Reached XP level 1. HP: 13/13 MP: 4/4
    42 | D:1      | Reached skill level 1 in Conjurations
    94 | D:2      | Reached XP level 2. HP: 19/19 MP: 0/5
   131 | D:2      | Found a sacrificial altar of Ru.
   142 | D:2      | Became a worshipper of Ru the Awakened
   153 | D:2      | You fall through a shaft for 2 floors!
   240 | D:5      | Entered Level 5 of the Dungeon
   409 | D:4      | Found a sand-covered staircase.
   425 | Ossuary  | Entered an ossuary
   454 | Ossuary  | Reached XP level 3. HP: 23/24 MP: 0/7
   526 | Ossuary  | Upgraded the game from 0.22-a0-392-g5dc3fd9 to 0.22-a0-395-gfed312b
   555 | Ossuary  | Learned a level 3 spell: Conjure Flame
   588 | Ossuary  | Reached XP level 4. HP: 7/30 MP: 0/9
   706 | Ossuary  | Learned a level 4 spell: Sticky Flame
   713 | Ossuary  | Reached XP level 5. HP: 13/35 MP: 4/10
   957 | D:4      | Found a glowing golden altar of the Shining One.
  1206 | D:5      | Noticed Pikel
  1420 | D:5      | Killed Pikel
  1420 | D:5      | Reached skill level 5 in Spellcasting
  1420 | D:5      | Reached XP level 6. HP: 23/41 MP: 5/13
  1420 | D:5      | Reached XP level 7. HP: 26/46 MP: 5/14
  1450 | D:5      | Found a blossoming altar of Fedhas.
  1565 | D:6      | Got a shimmering leather armour
  1576 | D:6      | Identified the +2 leather armour of Submission {rC+ MR+} (You found it on level 6 of the Dungeon)
  1591 | D:6      | Learned a level 5 spell: Fireball
  1619 | D:6      | Noticed Blork the orc
  1623 | D:6      | Reached skill level 5 in Fire Magic
  1705 | D:6      | Slain by a sky beast

Vault maps used:
D:1:      evilmike_arrival_plus, dk_noncrumbling_3
D:2:      grunt_ministairs_6, minmay_misc_feat_pillars,
          nicolae_ru_sacrificial_ziggurat
D:4:      kennysheep_mini_moat, nicolae_ossuary_entry_false_entrances,
          nicolae_tso_swordbearing_angel, uniq_edmund
D:5:      basic_altar, first_ration, uniq_pikel
D:6:      kennysheep_vampire_church, lemuel_temple_firewalk_b,
          uniq_blork_the_orc
Ossuary:  ossuary_crypta

Skill      XL: |  1  2  3  4  5  6  7 |
---------------+----------------------+-----
Conjurations   | 1 2 4 |  4.4
Spellcasting   | 3 5 |  5.2
Fire Magic     | 3 4 5 |  5.0
Dodging        | |  1.5
Stealth        | |  1.5

Action                   |  1- 3 |  4- 6 |  7- 9 || total
-------------------------+-------+-------+-------++-------
Melee: Unarmed           |       |    28 |       ||    28
       Whip              |       |       |     2 ||     2
 Cast: Flame Tongue      |    35 |    19 |    13 ||    67
       Conjure Flame     |       |    12 |       ||    12
       Sticky Flame      |       |     1 |     1 ||     2
  Use: Scroll            |     5 |     1 |       ||     6
Armor: Robe              |     2 |     6 |       ||     8
       Leather armour    |       |       |     4 ||     4
Dodge: Dodged            |     6 |    23 |    11 ||    40

Table legend:
 A = Spawn XP
 B = Non-spawn XP
 C = Spawn XP percentage of total XP
 D = Spawn monster count
 E = Non-spawn monster count
 F = Spawn count percentage of total count
 G = Total turns spent on level
                    A         B        C        D         E        F      G
               +---------+---------+-------+---------+---------+-------+---------
         Total |       0 |    1114 |   0.0 |       0 |      32 |   0.0 |  1705
               +---------+---------+-------+---------+---------+-------+---------
           D:1 |       0 |       7 |   0.0 |       0 |       1 |   0.0 |    64
           D:2 |       0 |      10 |   0.0 |       0 |       5 |   0.0 |    89
           D:4 |       0 |      19 |   0.0 |       0 |       5 |   0.0 |   275
           D:5 |       0 |     660 |   0.0 |       0 |       6 |   0.0 |   615
           D:6 |       0 |     132 |   0.0 |       0 |       2 |   0.0 |   186
       Ossuary |       0 |     286 |   0.0 |       0 |      13 |   0.0 |   476
               +---------+---------+-------+---------+---------+-------+---------
